 Dungeon Crawl Stone Soup version 0.22.1-5-g62c59d9 (webtiles) character file.

49 Kairos the Skirmisher (level 3, 0/20 HPs)
             Began as a Vine Stalker Fighter on Jan 15, 2019.
             Succumbed to an adder's poison
             ... on level 2 of the Dungeon.
             The game lasted 00:01:57 (777 turns).

Kairos the Skirmisher (Vine Stalker Fighter)         Turns: 777, Time: 00:01:58

Health: 0/20       AC:  6    Str: 19    XL:     3   Next: 75%
Magic:  2/4        EV:  7    Int:  8    God:
Gold:   69         SH:  9    Dex: 13    Spells: 2/2 levels left

rFire    . . .     SeeInvis .   n - -3 war axe (curse)
rCold    . . .     Gourm    .   c - +0 shield
rNeg     . . .     Faith    .   b - +0 scale mail
rPois    .         Spirit   +   (no helmet)
rElec    .         Reflect  .   (no cloak)
rCorr    .         Harm     .   (no gloves)
MR       .....     Rnd*Tele +   (no boots)
Stlth    ..........             e - amulet of rage
HPRegen  0.06/turn              m - ring of teleportation (curse)
MPRegen  0.09/turn              (no ring)

@: lethally poisoned (0 -> -5)
A: fangs 2, magic shield, antimagic bite, no potion heal 3, rot immunity
a: Evoke Berserk Rage


You were on level 2 of the Dungeon.
You were not hungry.

You visited 1 branch of the dungeon, and saw 2 of its levels.

You collected 69 gold pieces.

Inventory:

Hand Weapons
 a - a +0 war axe
 n - a cursed -3 war axe (weapon)
Armour
 b - a +0 scale mail (worn)
 c - a +0 shield (worn)
Jewellery
 e - an amulet of rage (around neck)
 m - a cursed ring of teleportation (left hand)
Scrolls
 g - a scroll of random uselessness {unknown}
 h - a scroll of enchant weapon {unknown}
 i - a scroll of identify {unknown}
 k - a scroll of teleportation {unknown}
 o - a scroll of remove curse {unknown}
Potions
 d - a potion of might
 j - a potion of curing
 l - a potion of cancellation {unknown}
Comestibles
 f - 3 rations


   Skills:
 + Level 3.1 Fighting
 + Level 2.1 Axes
 + Level 2.7 Armour
 + Level 0.8 Dodging
 + Level 3.1 Shields


You had 2 spell levels left.
You didn't know any spells.
Your spell library was empty.

Dungeon Overview and Level Annotations

Branches:
Dungeon (2/15)

Altars:


Innate Abilities, Weirdness & Mutations

You have extremely sharp teeth.
When hurt, damage is shared between your health and your magic reserves.
Your bite disrupts and absorbs the magic of your enemies.
Potions cannot restore your health.
You are immune to rotting.


Message History

Found 10 gold pieces.
The adder bites you.
* * * LOW HITPOINT WARNING * * *
You closely miss the adder. Your bite misses the adder. The adder bites you.
You hit the adder. You bite the adder. You drain its power.
You feel invigorated.
The adder is heavily wounded.
The adder barely misses you. The adder bites you.
You closely miss the adder.
The adder is heavily wounded.
You block the adder's attack. The adder bites you but does no damage.
You closely miss the adder.
The adder is heavily wounded.
The adder bites you.
* * * LOW HITPOINT WARNING * * *
You are lethally poisoned!
The adder poisons you! You block the adder's attack.
You barely miss the adder. Your bite misses the adder.
The adder is heavily wounded.
You die...

##.## #....# #.#
####.#..# #.#
#.......# ##'##
#.####.##
##...#####.####.#
#............##.#
#......######..#.#
.......#
#....#######
.......#
#..S@.......
.......#
#....######.
#......# #..#.#
##.....# #.##.#
##....# #. ..# .$
.## ## . #.


You could see an adder.

Vanquished Creatures
  An adder (D:2)
  2 worms (D:2)
  A dart slug (D:1)
  A leopard gecko (D:1)
  A giant cockroach (D:2)
  6 hobgoblins
  3 bats (D:1)
  4 frilled lizards
  6 kobolds
  11 rats (D:1)
36 creatures vanquished.

Notes
Turn   | Place    | Note
-------+----------+-------------------------------------------
     0 | D:1      | Kairos the Vine Stalker Fighter began the quest for the
                  | Orb.
     0 | D:1      | Reached XP level 1. HP: 11/11 MP: 2/2
    87 | D:1      | Reached XP level 2. HP: 15/16 MP: 1/3
   517 | D:1      | Reached XP level 3. HP: 20/20 MP: 4/4
   772 | D:2      | HP: 1/20 [adder (2)]
   777 | D:2      | Succumbed to an adder's poison

Skill      XL: |  1  2 |
---------------+-------+-----
Axes           | 2 |  2.1
Shields        | 3 |  3.1
Fighting       | 3 |  3.1
Armour         | |  2.7
Dodging        | |  0.8

Action                   || total
-------------------------++-------
Melee: War axe           ||   109
       Bite              ||    24
  Use: Potion            ||     2
Armor: Scale mail        ||    48
Dodge: Dodged            ||    38
Block: Shield            ||    56
